 Dungeon Crawl Stone Soup version 0.27.1-4-g1640c2035a (webtiles) character file.

Game seed: 15747943835814228869

8692 theEndsummarily the Ruffian (level 11, -10/97 (98) HPs)
             Began as a Troll Earth Elementalist on Nov 12, 2021.
             Was an Elder of Cheibriados.
             Mangled by an orc warrior (16 damage)
             ... on level 1 of the Orcish Mines.
             The game lasted 01:07:36 (9945 turns).

theEndsummarily the Ruffian (TrEE)                  Turns: 9945, Time: 01:07:37

HP:   -10/97 (98)   AC: 12    Str: 27    XL:     11   Next: 13%
MP:   9/26          EV: 13    Int: 23    God:    Cheibriados [****..]
Gold: 648           SH:  0    Dex: 19    Spells: 12/20 levels left

rFire    . . .     SeeInvis .     - Unarmed
rCold    . . .     Faith    .   (no shield)
rNeg     . . .     Spirit   .   K - +0 acid dragon scales
rPois    .         Reflect  .   (helmet restricted)
rElec    .         Harm     .   (no cloak)
rCorr    +         Rampage  .   (gloves unavailable)
Will     .....                  (boots unavailable)
Stlth    ++........             (no amulet)
HPRegen  1.26/turn              z - +4 ring of protection
MPRegen  0.20/turn              L - ring of magical power

@: very slightly contaminated, lightly drained, very slow
A: large, unfitting armour, claws 3, regeneration 1, shaggy fur 1, tough skin 1
a: Renounce Religion, Bend Time, Temporal Distortion, Slouch


You were on level 1 of the Orcish Mines.
You worshipped Cheibriados.
Cheibriados was greatly pleased with you.
You visited 3 branches of the dungeon, and saw 14 of its levels.
You also visited: Ossuary.

You collected 648 gold pieces.

Inventory:

Hand Weapons
 y - a +1 whip of holy wrath
Missiles
 a - 8 curare-tipped darts
 c - 302 stones
 d - 44 poisoned darts
 f - 21 boomerangs
 m - 11 javelins
 J - a silver javelin
Armour
 K - +0 acid dragon scales (worn)
Jewellery
 z - a +4 ring of protection (left claw)
 L - a ring of magical power (right claw)
Wands
 r - a wand of paralysis (9)
 G - a wand of digging (11)
 I - a wand of acid (1)
 M - a wand of charming (6)
Scrolls
 b - a scroll of amnesia
 e - 3 scrolls of magic mapping
 i - 3 scrolls of enchant armour
 j - a scroll of identify
 l - a scroll of silence {unknown}
 n - 3 scrolls of immolation
 s - 2 scrolls of enchant weapon {unknown}
 w - a scroll of torment {unknown}
 B - 2 scrolls of teleportation {unknown}
 D - a scroll of holy word {unknown}
 E - 2 scrolls of blinking {unknown}
 F - a scroll of vulnerability {unknown}
 H - a scroll of fear {unknown}
Potions
 g - 2 potions of lignification {unknown}
 h - 5 potions of brilliance {unknown}
 k - 6 potions of curing
 o - 2 potions of haste {unknown}
 q - 3 potions of resistance {unknown}
 t - 5 potions of mutation {unknown}
 u - 6 potions of attraction {unknown}
 v - 3 potions of degeneration {unknown}
 x - a potion of flight {unknown}
 A - a potion of invisibility {unknown}
 C - a potion of cancellation {unknown}


   Skills:
 + Level 3.8 Fighting
 + Level 6.5 Dodging
 - Level 1.0 Stealth
 + Level 7.6 Unarmed Combat
 + Level 5.0 Spellcasting
 + Level 5.1 Transmutations
 + Level 7.5 Earth Magic


You had 12 spell levels left.
You knew the following spells:

 Your Spells              Type           Power      Damage    Failure   Level
a - Sandblast             Erth           80%        2d17      1%          1
b - Blink                 Tloc           N/A        N/A       17%         2
c - Stone Arrow           Conj/Erth      46%        3d9       8%          3
p - Passwall              Tmut/Erth      28%        N/A       1%          2

Your spell library contained the following spells:

 Spells                   Type           Power      Damage    Failure   Level
 Sting                    Tmut/Pois      68%        1d6       4%          1
 Petrify                  Tmut/Erth      34%        N/A       9%          4
 Foxfire                  Conj/Fire      20%        2x1d5     12%         1
 Summon Small Mammal      Summ           20%        N/A       12%         1
 Slow                     Hex            5%         N/A       17%         2
 Ignite Poison            Fire/Tmut/Pois 13%        N/A       17%         3
 Call Canine Familiar     Summ           5%         N/A       34%         3
 Confusing Touch          Hex            5%         N/A       34%         3
 Lesser Beckoning         Tloc           2%         N/A       34%         3
 Summon Guardian Golem    Hex/Summ       5%         N/A       34%         3
 Swiftness                Air            5%         N/A       34%         3
 Vampiric Draining        Necr           2%         2d6       34%         3
 Manifold Assault         Tloc           5%         N/A       97%         5
 Invisibility             Hex            2%         N/A       100%        6
 Ignition                 Fire           2%         3d3       100%        8


Dungeon Overview and Level Annotations

Branches:
Dungeon (12/15)            Temple (1/1) D:4            Lair (0/6) D:10
    Orc (1/2) D:10        Ossuary (visited)

Altars:
Ashenzari
Cheibriados
Dithmenos
Elyvilon
Fedhas
Gozag
Hepliaklqana
Kikubaaqudgha
Makhleb
Nemelex Xobeh
Okawaru
Qazlal
Ru
Sif Muna
Trog
Uskayaw
Vehumet
Wu Jian
Xom
Yredelemnul
Zin
The Shining One

Shops:
D:9 :

Annotations:
D:8 Joseph
D:11 exclusion: downstairs


Innate Abilities, Weirdness & Mutations

You are too large for most types of armour.
You have claws for hands.
Your natural rate of healing is unusually fast.
You are covered in fur. (AC +1)
You have tough skin. (AC +1)


Message History

Confirm with . or Enter, or press ? or * to list all spells.
Aiming: Stone Arrow (dangerous; 8% risk of failure)
Press: ? - help, Shift-Dir - straight line, f - two-headed ogre, p - orc warrior
Aim: a two-headed ogre, wielding two +0 giant clubs (86% to hit)
The stone arrow misses the two-headed ogre.
The orc warrior closely misses you. The orc hits you with a +0 flail!
Casting: Stone Arrow (dangerous; 8% risk of failure)
Confirm with . or Enter, or press ? or * to list all spells.
Aiming: Stone Arrow (dangerous; 8% risk of failure)
Press: ? - help, Shift-Dir - straight line, f/p - two-headed ogre
Aim: a two-headed ogre, wielding two +0 giant clubs (86% to hit)
The stone arrow hits the two-headed ogre.
The two-headed ogre is lightly wounded.
The orc warrior completely misses you. The two-headed ogre misses you.
The two-headed ogre hits you with a +0 giant club!
The orc barely misses you.
Casting: Stone Arrow (dangerous; 8% risk of failure)
Confirm with . or Enter, or press ? or * to list all spells.
Aiming: Stone Arrow (dangerous; 8% risk of failure)
Press: ? - help, Shift-Dir - straight line, f/p - two-headed ogre
Aim: a two-headed ogre, wielding two +0 giant clubs (lightly wounded, 86% to hit)
You miscast Stone Arrow.
You are very lightly contaminated with residual magic.
Nothing appears to happen.
The orc warrior barely misses you.
The two-headed ogre hits you with a +0 giant club!
* * * LOW HITPOINT WARNING * * *
The two-headed ogre closely misses you.
You feel much better.
The orc priest calls down the wrath of Beogh upon you.
Beogh smites you!
The two-headed ogre hits you with a +0 giant club!
* * * LOW HITPOINT WARNING * * *
The two-headed ogre hits you with a +0 giant club!!
* * * LOW HITPOINT WARNING * * *
The orc hits you but does no damage.
Casting: Stone Arrow (dangerous; 8% risk of failure)
Confirm with . or Enter, or press ? or * to list all spells.
You miscast Blink.
Nothing appears to happen.
The orc warrior hits you with a +0 battleaxe!
You die...

....#......##
.#...........##
..............
..........#..
........$..# .
. ........##...
.$..#..o....#..
......>@Oo.....
#.#....o.......
#.#.....)#...#
............#
#........... #
#.............#
##.#..........#
..........#..#


You could see a two-headed ogre, an orc warrior, an orc priest and an orc.

Vanquished Creatures
  A two-headed ogre (D:9)
  2 trolls
  A hornet (D:9)
  Grinder (D:6)
  A slime creature (D:11)
  2 meliai zombies (D:11)
  3 wyverns
  Sigmund (D:6)
  4 shadows
  A yak (D:7)
  3 vampire mosquitoes (D:11)
  Edmund (D:6)
  A water moccasin (D:9)
  An acid dragon (D:9)
  2 orc warriors (D:10)
  3 black bears
  4 necrophages
  4 ogres
  A phantom (D:6)
  A kobold brigand (D:9)
  A bullfrog (D:6)
  6 scorpions
  A water moccasin zombie (Ossuary)
  3 killer bees
  8 wights
  A howler monkey (D:7)
  4 electric eels
  6 centaur zombies
  3 hounds (D:4)
  7 orc priests
  A bullfrog skeleton (D:7)
  2 iguanas
  Jessica (D:3)
  4 orc wizards
  3 mummies
  A howler monkey zombie (D:11)
  4 gnolls (D:5)
  8 adders
  A shadow imp (D:5)
  A white imp (D:6)
  2 adder skeletons
  5 adder zombies (Ossuary)
  A worm (D:3)
  7 dart slugs (D:6)
  28 orcs
  10 ball pythons
  11 bats
  6 endoplasms
  A giant cockroach (D:1)
  6 goblins
  5 hobgoblins
  3 jackals (D:1)
  5 quokkas
  2 frilled lizards
  6 gnoll zombies (Ossuary)
  4 hobgoblin zombies (Ossuary)
  11 kobolds
  4 kobold zombies (Ossuary)
  4 orc zombies (Ossuary)
  4 rats
229 creatures vanquished.

Vanquished Creatures (collateral kills)
  A wight (D:11)
  A mummy (D:11)
2 creatures vanquished.

Vanquished Creatures (others)
  3 plants (D:2)
  4 withered plants (D:2)
7 creatures vanquished.

Grand Total: 238 creatures vanquished

Notes
Turn   | Place    | Note
-------+----------+-------------------------------------------
     0 | D:1      | theEndsummarily the Troll Earth Elementalist began the
                  | quest for the Orb.
     0 | D:1      | Reached XP level 1. HP: 16/16 MP: 1/1
    77 | D:1      | Reached XP level 2. HP: 24/24 MP: 3/3
   208 | D:1      | Reached skill level 1 in Unarmed Combat
   383 | D:1      | Learned a level 2 spell: Passwall
   394 | D:1      | Reached XP level 3. HP: 31/31 MP: 4/4
   793 | D:2      | Found a white marble altar of Elyvilon.
   861 | D:2      | Found a faded altar of an unknown god.
  1226 | D:2      | Reached XP level 4. HP: 39/39 MP: 5/5
  1573 | D:3      | Found a hide-covered altar of Uskayaw.
  1687 | D:3      | Noticed a scorpion
  1697 | D:3      | Killed a scorpion
  1698 | D:3      | Reached XP level 5. HP: 23/45 MP: 0/7
  2191 | D:3      | Noticed Jessica
  2192 | D:3      | Killed Jessica
  2442 | D:4      | Found an iron altar of Okawaru.
  2487 | D:4      | Reached XP level 6. HP: 37/53 MP: 6/8
  2514 | D:4      | Got the Almanac of Shifting Flames
  2560 | D:4      | Found an ornate altar of the Wu Jian Council.
  2714 | D:4      | Found a sand-covered staircase.
  2727 | Ossuary  | Entered an ossuary
  3172 | D:4      | Found a staircase to the Ecumenical Temple.
  3177 | Temple   | Entered the Ecumenical Temple
  3418 | Temple   | Became a worshipper of Cheibriados the Contemplative
  3519 | D:4      | Reached XP level 7. HP: 37/59 MP: 6/9
  3606 | D:5      | Entered Level 5 of the Dungeon
  3617 | D:4      | Reached skill level 1 in Transmutations
  4502 | D:6      | Reached XP level 8. HP: 67/67 MP: 11/11
  4504 | D:6      | Noticed Edmund
  4520 | D:6      | Killed Edmund
  4521 | D:6      | Reached skill level 5 in Earth Magic
  4663 | D:6      | Reached * piety under Cheibriados
  4739 | D:6      | Noticed Grinder
  4754 | D:6      | Killed Grinder
  4906 | D:6      | Reached skill level 5 in Unarmed Combat
  5099 | D:6      | Noticed Sigmund
  5107 | D:6      | Killed Sigmund
  5108 | D:6      | Reached XP level 9. HP: 74/74 MP: 13/13
  5657 | D:7      | Reached skill level 5 in Dodging
  5951 | D:7      | Reached ** piety under Cheibriados
  5952 | D:7      | Reached skill level 1 in Fighting
  6243 | D:8      | Noticed a troll
  6252 | D:8      | Killed a troll
  6453 | D:8      | Learned a level 2 spell: Blink
  6564 | D:8      | Noticed Joseph
  7226 | D:9      | Found Ceogoxiunto's Book Boutique.
  7412 | D:9      | Reached XP level 10. HP: 79/87 MP: 12/15
  7416 | D:9      | Learned a level 3 spell: Stone Arrow
  7839 | D:9      | Found a glowing silver altar of Zin.
  7843 | D:9      | Noticed a two-headed ogre
  7854 | D:9      | Killed a two-headed ogre
  8313 | D:10     | Entered Level 10 of the Dungeon
  8487 | D:10     | Reached *** piety under Cheibriados
  8681 | D:10     | Found a staircase to the Lair.
  8782 | D:10     | Found a staircase to the Orcish Mines.
  9353 | D:11     | Reached XP level 11. HP: 18/96 MP: 8/17
  9362 | D:11     | Reached skill level 5 in Transmutations
  9557 | D:11     | Reached **** piety under Cheibriados
  9860 | D:11     | Reached skill level 5 in Spellcasting
  9934 | Orc:1    | Entered Level 1 of the Orcish Mines
  9934 | Orc:1    | Noticed a two-headed ogre
  9944 | Orc:1    | HP: 4/97 [two-headed ogre (25)]
  9945 | Orc:1    | Mangled by an orc warrior

Illustrated notes

Levels and vault maps discovered:
D:1:      ncdulo_wetmaze, layout_basic
D:2:      layout_basic, basic_altar, shapermc_ecumenical_altar_flowoftime,
          minmay_misc_feat_rows
D:3:      layout_loops_corners, mainiacjoe_overflow_paths, uniq_jessica
D:4:      layout_loops_cross, nzn_wu_jian_council_hall, amcnicky_altar_gilded,
          minmay_temple_entry_drinking_statues, gup_ossuary_entry_pyramid
D:5:      layout_loops_ring
D:6:      kennysheep_slugbush, layout_basic, uniq_edmund, uniq_sigmund,
          uniq_grinder
D:7:      kennysheep_big_flooded_room, layout_rooms
D:8:      layout_basic, roderic_lattice_a, uniq_joseph
D:9:      layout_irregular_city, mainiacjoe_overflow_six_doors_small,
          serial_shops, nicolae_shop_crystal
D:10:     layout_rooms, lair_entry_dummy
D:11:     layout_gridville, serial_undead, serial_undead_e, serial_undead_d,
          serial_undead_c, serial_undead_f
D:12:     layout_basic, nicolae_shop_sticking_my_neck_out
Temple:   regret_index_temple_mists
Orc:1:    layout_caves, serial_shops, shop_fountains

Skill      XL: |  1  2  3  4  5  6  7  8  9 10 11 |
---------------+----------------------------------+-----
Unarmed Combat | 1 2 3 4 5 6 7 |  7.6
Earth Magic    | 3 4 5 6 7 |  7.5
Dodging        | 2 3 4 5 6 |  6.5
Spellcasting   | 2 3 4 5 |  5.0
Transmutations | 1 3 4 5 |  5.1
Fighting       | 2 3 |  3.8
Stealth        | |  1.0

Action                   |  1- 3 |  4- 6 |  7- 9 | 10-12 || total
-------------------------+-------+-------+-------+-------++-------
Melee: Unarmed           |    83 |   225 |   308 |   159 ||   775
       Punch             |       |     3 |     9 |    13 ||    25
Throw: Boomerang         |       |    13 |    19 |     3 ||    35
       Javelin           |       |     2 |     7 |     1 ||    10
       Dart              |       |       |     8 |    14 ||    22
 Cast: Sandblast         |    19 |    25 |    22 |     6 ||    72
       Stone Arrow       |       |       |       |    27 ||    27
       Blink             |       |       |       |     3 ||     3
       Passwall          |       |       |       |     1 ||     1
Evoke: Wand              |       |       |     5 |     8 ||    13
  Use: Potion            |       |       |     4 |     5 ||     9
       Scroll            |       |       |       |     4 ||     4
 Stab: Sleeping          |     1 |     2 |     2 |       ||     5
       Paralysed         |       |       |    19 |       ||    19
Armor: Robe              |    22 |    49 |    87 |     2 ||   160
       Acid dragon scale |       |       |       |   117 ||   117
Dodge: Dodged            |    30 |    77 |   139 |   170 ||   416
